 Dungeon Crawl Stone Soup version 0.21-a0-110-g8e1637b (webtiles) character file.

55223 Ijustatesigmund the Grappler (level 14, -1/137 HPs)
             Began as a Troll Monk on July 7, 2017.
             Was the Champion of Cheibriados.
             Slain by an acid blob (25 damage)
             ... on level 5 of the Lair of Beasts on July 10, 2017.
             The game lasted 00:54:43 (16655 turns).

Ijustatesigmund the Grappler (Troll Monk)          Turns: 16655, Time: 00:54:44

Health: -1/137     AC:  7    Str: 37    XL:     14   Next: 37%
Magic:  21/21      EV: 20    Int: 22    God:    Cheibriados [******]
Gold:   1383       SH:  0    Dex: 30    Spells: 12/13 levels left

rFire    . . .     SeeInvis +     - Unarmed
rCold    + + .     Gourm    +   (no shield)
rNeg     . . .     Faith    .   x - +3 troll leather armour {Snorg}
rPois    .         Spirit   .   E - +2 hat
rElec    +         Reflect  .   U - +1 cloak of Starlight {rElec rC+ EV+4 Stlth--}
rCorr    .         Harm     .   (gloves unavailable)
MR       ++...                  (boots unavailable)
Stlth    ..........             (no amulet)
HPRegen  1.12/turn              u - ring of protection from cold
MPRegen  0.17/turn              G - +5 ring of slaying

@: corroded, very slow
A: unfitting armour, claws 3, see invisible, fast metabolism 3, gourmand, magic
resistance 1, regeneration 1, shaggy fur 1, tough skin 2
a: Bend Time, Temporal Distortion, Slouch, Step From Time, Renounce Religion


You were on level 5 of the Lair of Beasts.
You worshipped Cheibriados.
Cheibriados was exalted by your worship.
You were very full.

You visited 3 branches of the dungeon, and saw 18 of its levels.
You also visited: Sewer, Ice Cave and Volcano.

You collected 1453 gold pieces.
You spent 70 gold pieces at shops.

Inventory:

Hand Weapons
 C - a +0 giant spiked club
 H - a +1 demon whip of electrocution
Missiles
 c - 6 javelins
 L - 18 large rocks (quivered)
Armour
 l - +2 ice dragon scales
 p - the +2 cloak of Instinct {rCorr}
   (You found it on level 4 of the Dungeon)

   It protects you from acid and corrosion.
 x - a +3 troll leather armour (worn) {Snorg}
 B - the +4 ice dragon scales "Veluqueteih" {+Inv rF- rC++ MR- Int+3 Dex+4}
   (You found it in an ice cave)

   It affects your intelligence (+3).
   It affects your dexterity (+4).
   It makes you vulnerable to fire.
   It greatly protects you from cold.
   It affects your resistance to hostile enchantments.
   It lets you turn invisible.
 E - a +2 hat (worn)
 U - the +1 cloak of Starlight (worn) {rElec rC+ EV+4 Stlth--}
   (You found it on level 2 of the Lair of Beasts)

   It affects your evasion (+4).
   It protects you from cold.
   It insulates you from electricity.
   It makes you much less stealthy.
Jewellery
 u - a ring of protection from cold (left claw)
 G - a +5 ring of slaying (right claw)
 R - an uncursed ring of fire
 T - an uncursed ring of fire
 W - an uncursed ring of ice
Wands
 f - a wand of iceblast (9/15)
 r - a wand of scattershot (4/9)
 t - a wand of acid (6/15)
 w - a wand of lightning (0/15)
 y - a wand of confusion (24/48)
 F - a wand of enslavement (12/24)
 J - a wand of lightning (6/15)
 N - a wand of acid (14/15)
Scrolls
 e - 5 scrolls of fear
 g - 5 scrolls of teleportation
 k - 5 scrolls of remove curse
 m - 4 scrolls of magic mapping
 o - 3 scrolls of enchant weapon
 z - 4 scrolls of amnesia
 I - a scroll of identify
 K - 2 scrolls of summoning
 O - 4 scrolls of recharging
 Z - 2 scrolls of fog
Potions
 h - 4 potions of magic
 j - 7 potions of flight
 n - a potion of agility
 s - 3 potions of heal wounds
 v - a potion of brilliance
 A - a potion of cancellation
 D - 2 potions of invisibility
 M - 5 potions of might
 P - a potion of resistance
 S - 2 potions of curing
Books
 a - a book of Flames

   Spells                             Type                      Level
   a - Flame Tongue                   Conjuration/Fire             1
   b - Throw Flame                    Conjuration/Fire             2
   c - Conjure Flame                  Conjuration/Fire             3
   d - Inner Flame                    Hexes/Fire                   3
   e - Sticky Flame                   Conjuration/Fire             4
   f - Fireball                       Conjuration/Fire             5
Comestibles
 b - 12 bread rations
 d - 15 meat rations
 i - 8 royal jellies
 q - 27 fruits


   Skills:
 - Level 8.4 Fighting
 - Level 5.2 Maces & Flails
 - Level 6.4 Throwing
 + Level 5.3 Armour
 - Level 6.8 Dodging
 - Level 1.0 Stealth
 + Level 14.8 Unarmed Combat
 + Level 11.7 Invocations


You had 12 spell levels left.
You knew the following spells:

 Your Spells              Type           Power        Failure   Level  Hunger
a - Summon Butterflies    Summ           #.......     19%         1    ##.....


Dungeon Overview and Level Annotations

Branches:
Dungeon (12/15)            Temple (1/1) D:5            Lair (5/6) D:11
 Shoals (0/4) Lair:4        Snake (0/4) Lair:2        Slime (0/5) Lair:5
    Orc (0/2) D:11

Altars:
Ashenzari
Cheibriados
Dithmenos
Elyvilon
Fedhas
Gozag
Hepliaklqana
Kikubaaqudgha
Makhleb
Nemelex Xobeh
Okawaru
Qazlal
Ru
Sif Muna
Trog
Uskayaw
Vehumet
Wu Jian
Xom
Yredelemnul
Zin
The Shining One
Beogh
Jiyva

Shops:
D:5 %

Annotations:
D:10 1 runed door


Innate Abilities, Weirdness & Mutations

You are too large for most types of armour.
You have claws for hands.
Your metabolism is lightning-fast.
You like to eat raw meat.
Your natural rate of healing is unusually fast.
You are covered in fur. (AC +1)
You have very tough skin. (AC +2)
You have supernaturally acute eyesight. (SInv)
You are resistant to hostile enchantments. (MR+)


Message History

The acid blob hits you!!
You are splashed with acid!
The acid burns!
You mangle the acid blob!!
Your claws burn!
The acid blob is heavily wounded.
The acid blob spits acid at you. The splash of acid hits you!
You are splashed with acid!
The acid burns!
You scratch the acid blob but do no damage.
Your claws burn!
The acid blob is heavily wounded.
The acid blob spits acid at you. The splash of acid hits you!
The acid corrodes you!
You are splashed with acid!
The acid burns!
You scratch the acid blob.
Your claws burn!
The acid blob is heavily wounded.
The acid blob closely misses you. The acid blob hits you!
* * * LOW HITPOINT WARNING * * *
The acid corrodes you!
You are splashed with acid!
The acid burns!
* * * LOW HITPOINT WARNING * * *
The acid blob hits you!!
You die...

### ############# ##(###
#.#P#.P#P##.#####....####
.............##.@....##.#######
..............^##J##..#..#.#..###
...........##..#J_.#........P..#.
...........#####...##.....#......
...........# #.>.#..#####.#..##
.........P## ######P# ##.##..
..........# ##### #####.
.(.##.....# #.### ## .####...###
##.⌠.##


You could see an acid blob and a slime creature.

Vanquished Creatures
  The ghost of TotoDurand the Grappler, a journeyman DrTm of the Shining One (Lair:4)
  Snorg (Lair:2)
  The ghost of Ijustatesigmund the Severer, a journeyman HOFi of Wu Jian (D:11)
  Fannar (Lair:2)
  4 hydras
  4 two-headed ogres
  12 death yaks
  Nergalle (D:11)
  Sonja (Lair:1)
  2 skeletal warriors (Volcano)
  2 anaconda skeletons (Volcano)
  Pikel (D:6)
  A manticore (D:12)
  An oklob plant (Lair:1)
  2 ugly things (D:11)
  5 cyclopes
  3 elephants (Lair:5)
  2 merfolk sirens (Lair:4)
  A black mamba (Lair:4)
  2 ice statues (IceCv)
  5 spiny frogs
  A kobold demonologist (D:11)
  2 rime drakes
  4 gargoyles (Volcano)
  3 komodo dragons
  2 trolls
  7 ice devils (IceCv)
  2 merfolk (Lair:4)
  A slime creature (Lair:4)
  Prince Ribbit (Lair:1)
  10 blink frogs
  7 hippogriffs
  10 dream sheep (Lair:4)
  5 alligator skeletons (Volcano)
  2 flying skulls (Volcano)
  3 wyverns
  2 water elementals (D:11)
  A wraith (D:12)
  14 yaks
  A hungry ghost (D:11)
  4 hogs (D:9)
  A human (D:9)
  2 basilisks (Lair:3)
  2 steam dragons
  A warg (D:11)
  A soldier ant (D:11)
  7 water moccasins
  3 nagas (Lair:2)
  8 orc warriors
  6 ice beasts
  5 porcupines
  Purgy (Sewer)
  3 black bears
  A phantom (D:6)
  11 centaurs
  5 sky beasts
  13 wolves
  8 ogres
  The ghost of p0werm0de the Conjurer, an amateur DsWz of Gozag (D:3)
  12 crocodiles
  A big kobold (D:10)
  Blork the orc (D:5)
  19 bullfrogs
  5 scorpions
  23 killer bees
  5 wights
  2 spriggan skeletons (Volcano)
  5 electric eels
  3 howler monkeys
  3 crimson imps
  11 jellies
  A quasit (D:11)
  8 hounds
  12 orc wizards
  A bullfrog skeleton (D:12)
  9 orc priests
  2 centaur skeletons
  5 iguanas
  Ijyb (D:5)
  2 worker ants
  2 naga skeletons (Volcano)
  A hound zombie (D:7)
  Robin (D:2)
  2 worker ant zombies
  3 gnolls (D:9)
  8 adders
  A shadow imp (D:12)
  9 white imps (IceCv)
  5 ufetubi (IceCv)
  19 oozes
  An adder zombie (D:5)
  An adder skeleton (D:6)
  7 worms
  3 dart slugs
  4 leopard geckos
  63 orcs
  4 ball pythons
  7 giant cockroaches
  10 goblins
  15 hobgoblins
  9 jackals
  20 kobolds
  4 quokkas
  8 bats
  9 frilled lizards
  3 quokka skeletons
  A quokka zombie (D:6)
  6 rats
  A plant (Lair:1)
572 creatures vanquished.

Vanquished Creatures (others)
  A reaper (IceCv)
  A flying skull (Volcano)
  A slave (D:6)
  A hound zombie (D:6)
  A hound skeleton (D:6)
  3 white imps (IceCv)
  4 ufetubi (IceCv)
  6 fungi
18 creatures vanquished.

Grand Total: 590 creatures vanquished

Notes
Turn   | Place    | Note
-------+----------+-------------------------------------------
     0 | D:1      | Ijustatesigmund the Troll Monk began the quest for the Orb.
     0 | D:1      | Reached XP level 1. HP: 22/22 MP: 0/0
   136 | D:1      | Reached XP level 2. HP: 29/29 MP: 1/1
   205 | D:1      | Reached skill level 4 in Unarmed Combat
   324 | D:1      | Reached XP level 3. HP: 36/36 MP: 2/2
   745 | D:2      | Noticed Robin
   792 | D:2      | Killed Robin
   792 | D:2      | Reached XP level 4. HP: 5/44 MP: 3/3
   915 | D:2      | Reached skill level 5 in Unarmed Combat
   916 | D:2      | Found a glowing silver altar of Zin.
  1508 | D:2      | Found a burning altar of Makhleb.
  1951 | D:3      | Gained mutation: You have supernaturally acute eyesight. (SInv) [potion of mutation]
  1951 | D:3      | Gained mutation: You are resistant to hostile enchantments. (MR+) [potion of mutation]
  1977 | D:3      | Found a glowing drain.
  1986 | D:3      | Reached XP level 5. HP: 46/50 MP: 4/4
  2009 | Sewer    | Entered a sewer
  2019 | Sewer    | Reached skill level 6 in Unarmed Combat
  2037 | Sewer    | Noticed Purgy
  2049 | Sewer    | Killed Purgy
  2174 | Sewer    | Reached XP level 6. HP: 52/59 MP: 5/5
  2372 | D:3      | Noticed p0werm0de's ghost (amateur DsWz)
  2387 | D:3      | Killed p0werm0de's ghost
  2387 | D:3      | Reached skill level 7 in Unarmed Combat
  3007 | D:4      | Got a warped cloak
  3018 | D:4      | Identified the +2 cloak of Instinct {rCorr} (You found it on level 4 of the Dungeon)
  3243 | D:4      | Reached XP level 7. HP: 61/67 MP: 6/6
  3454 | D:4      | Found a basalt altar of Yredelemnul.
  3633 | D:5      | Entered Level 5 of the Dungeon
  3644 | D:5      | Reached skill level 8 in Unarmed Combat
  3689 | D:5      | Found a staircase to the Ecumenical Temple.
  3703 | D:5      | Found Xomufa's Food Boutique.
  3716 | Temple   | Entered the Ecumenical Temple
  3791 | Temple   | Became a worshipper of Cheibriados the Contemplative
  3791 | Temple   | Reached * piety under Cheibriados
  3791 | Temple   | Reached ** piety under Cheibriados
  3859 | D:5      | Bought a meat ration for 70 gold pieces
  3867 | D:5      | Noticed Ijyb
  3875 | D:5      | Killed Ijyb
  3925 | D:5      | Reached skill level 1 in Invocations
  4105 | D:5      | Noticed Blork the orc
  4112 | D:5      | Killed Blork the orc
  4595 | D:6      | Reached XP level 8. HP: 65/78 MP: 8/8
  4870 | D:6      | Noticed Pikel
  4874 | D:6      | Killed Pikel
  4874 | D:6      | Reached skill level 9 in Unarmed Combat
  4899 | D:6      | Reached *** piety under Cheibriados
  4905 | D:6      | Reached skill level 5 in Fighting
  5240 | D:7      | Reached XP level 9. HP: 85/88 MP: 11/11
  5848 | D:7      | Reached skill level 5 in Invocations
  5924 | D:7      | Reached **** piety under Cheibriados
  6243 | D:8      | Noticed a two-headed ogre
  6250 | D:8      | Killed a two-headed ogre
  6250 | D:8      | Reached skill level 10 in Unarmed Combat
  6268 | D:8      | Found an iron altar of Okawaru.
  6312 | D:8      | Found a hazy altar of Hepliaklqana.
  6362 | D:8      | Found a stormy altar of Qazlal.
  6402 | D:8      | Reached XP level 10. HP: 93/100 MP: 13/13
  6831 | D:9      | Noticed a two-headed ogre
  6838 | D:9      | Killed a two-headed ogre
  6844 | D:9      | Reached ***** piety under Cheibriados
  6977 | D:9      | Found an ancient bone altar of Kikubaaqudgha.
  7160 | D:9      | Reached skill level 5 in Dodging
  7181 | D:9      | Found a roughly hewn altar of Beogh.
  7509 | D:9      | Reached XP level 11. HP: 73/107 MP: 16/16
  7583 | D:9      | Reached ****** piety under Cheibriados
  7610 | D:9      | Found a bloodstained altar of Trog.
  7894 | D:10     | Entered Level 10 of the Dungeon
  7914 | D:10     | Noticed an angel
  7916 | D:10     | Found a glowing silver altar of Zin.
  7922 | D:10     | Found a runed door.
  8093 | D:10     | Reached skill level 11 in Unarmed Combat
  8288 | D:11     | Noticed a red ugly thing
  8294 | D:11     | Killed a red ugly thing
  8383 | D:11     | Noticed a two-headed ogre
  8393 | D:11     | Killed a two-headed ogre
  8435 | D:11     | Noticed Ijustatesigmund's ghost (journeyman HOFi)
  8452 | D:11     | Killed Ijustatesigmund's ghost
  8725 | D:11     | Found a staircase to the Orcish Mines.
  8821 | D:11     | Noticed Nergalle
  8829 | D:11     | Killed Nergalle
  8865 | D:11     | Noticed a white ugly thing
  8873 | D:11     | Killed a white ugly thing
  8930 | D:11     | Reached skill level 10 in Invocations
  8946 | D:11     | Found a staircase to the Lair.
  8991 | D:11     | Reached skill level 1 in Throwing
  9088 | D:11     | Noticed a two-headed ogre
  9101 | D:11     | Killed a two-headed ogre
  9101 | D:11     | Reached XP level 12. HP: 120/120 MP: 18/18
  9286 | D:11     | Reached skill level 12 in Unarmed Combat
  9527 | D:12     | Reached skill level 1 in Maces & Flails
  9653 | D:12     | Found a white marble altar of Elyvilon.
 10257 | D:12     | Reached skill level 5 in Maces & Flails
 10445 | Lair:1   | Entered Level 1 of the Lair of Beasts
 10465 | Lair:1   | Noticed Prince Ribbit
 10479 | Lair:1   | Killed Prince Ribbit
 10509 | Lair:1   | Noticed Sonja
 10511 | Lair:1   | Found a frozen archway.
 10518 | Lair:1   | Killed Sonja
 10563 | IceCv    | Entered an ice cave
 10602 | IceCv    | Killed a reaper
 11224 | IceCv    | Got faintly humming ice dragon scales
 11236 | IceCv    | Identified the +4 ice dragon scales "Veluqueteih" {+Inv rF- rC++ MR- Int+3 Dex+4} (You found it in an ice cave)
 11825 | Lair:1   | Noticed a four-headed hydra
 11829 | Lair:1   | Killed a four-headed hydra
 11829 | Lair:1   | Reached skill level 5 in Throwing
 11955 | Lair:1   | Reached skill level 13 in Unarmed Combat
 12348 | Lair:1   | Reached XP level 13. HP: 94/128 MP: 19/19
 12541 | Lair:2   | Found a staircase to the Snake Pit.
 13556 | Lair:3   | Noticed Snorg
 13556 | Lair:3   | Noticed Fannar
 13570 | Lair:2   | Killed Snorg
 13761 | Lair:2   | Killed Fannar
 13761 | Lair:2   | Reached skill level 1 in Armour
 13913 | Lair:3   | Learned a level 1 spell: Summon Butterflies
 14488 | Lair:4   | Reached skill level 14 in Unarmed Combat
 14489 | Lair:4   | Found a staircase to the Shoals.
 14811 | Lair:4   | Identified a scroll of acquirement
 15203 | Lair:4   | Noticed TotoDurand's ghost (journeyman DrTm)
 15214 | Lair:4   | Killed TotoDurand's ghost
 15425 | Lair:4   | Reached XP level 14. HP: 94/137 MP: 21/21
 15614 | Lair:5   | Found a dark tunnel.
 15621 | Volcano  | Entered a volcano
 16031 | Lair:5   | Reached skill level 5 in Armour
 16643 | Lair:5   | Found a runed door.
 16643 | Lair:5   | Found a viscous altar of Jiyva.
 16644 | Lair:5   | Found a staircase to the Slime Pits.
 16644 | Lair:5   | Noticed an acid blob
 16655 | Lair:5   | Slain by an acid blob

Vault maps used:
D:1:      matt_arrival_refuge
D:2:      lemuel_coloured_pillars_altar, old_standard_altar, first_bread,
          uniq_robin
D:3:      cheibrodos_sewer_entry_drain
D:4:      yredelemnul_altar_generic
D:5:      minmay_temple_entry_butterflies, serial_shops, nicolae_shop_stone,
          uniq_blork_the_orc, uniq_ijyb
D:6:      uniq_pikel
D:8:      kennysheep_mini_moat, old_standard_altar,
          nicolae_qazlal_style_of_elements
D:9:      trog_ov_bears_minmay, lemuel_doored_altar, special_room,
          grunt_livestock
D:10:     lemuel_angel_altar
D:11:     lair_entry_dummy, david_orc_3, uniq_nergalle
D:12:     grunt_ministairs_7, mumra_transporter_accident, elyvilon_altar_5
Temple:   nicolae_temple_great_sept
Lair:1:   portal_ice_cave_entry_pillars_1, minmay_lair_oklob_chamber,
          uniq_prince_ribbit2, uniq_sonja
Lair:2:   minmay_snake_entry_guardpost_medium
Lair:3:   uniq_snorg, uniq_fannar
Lair:4:   lemuel_slime, elwin_shoals_entry_stream, serial_bayou_ford_a,
          serial_bayou_shore_a
Lair:5:   slime_altar_2, enter_volcano_4, grunt_megastairs_1
Sewer:    sewer_co_purgy_island
IceCv:    ice_cave_small_demon
Volcano:  volcano_tomb

Skill      XL: |  1  2  3  4  5  6  7  8  9 10 11 12 13 14 |
---------------+-------------------------------------------+-----
Unarmed Combat | 4 5 6 7 8 9 10 11 13 14 | 14.8
Fighting       | 3 4 5 6 8 |  8.4
Invocations    | 2 4 6 8 10 11 | 11.7
Dodging        | 5 6 |  6.8
Throwing       | 1 5 6 |  6.4
Maces & Flails | 5 |  5.2
Armour         | 4 5 |  5.3
Stealth        | |  1.0

Action                   |  1- 3 |  4- 6 |  7- 9 | 10-12 | 13-15 || total
-------------------------+-------+-------+-------+-------+-------++-------
Melee: Unarmed           |   106 |   173 |   190 |   548 |   364 ||  1381
       Punch             |     1 |     5 |    12 |    38 |    45 ||   101
       Demon whip        |       |       |       |    11 |       ||    11
Throw: Javelin           |       |     1 |     3 |     5 |       ||     9
       Large rock        |       |       |       |     6 |    22 ||    28
Invok: Bend Time         |       |       |       |     2 |       ||     2
Evoke: Wand              |       |       |       |     2 |     3 ||     5
  Use: Potion            |     4 |     5 |       |     1 |     1 ||    11
       Scroll            |     2 |     7 |     6 |     7 |    11 ||    33
 Stab: Distracted        |     1 |       |       |     3 |       ||     4
       Sleeping          |       |     3 |     4 |    11 |       ||    18
  Eat: Chunk             |     7 |    27 |    22 |    37 |    36 ||   129
Armor: Robe              |    41 |    48 |    55 |   176 |     9 ||   329
       Ice dragon scales |       |       |       |     3 |       ||     3
       Troll leather arm |       |       |       |       |    56 ||    56
Dodge: Dodged            |    59 |    64 |    90 |   465 |   252 ||   930
